 Dungeon Crawl Stone Soup version 0.31-a0-1178-gc5c9b8f871 (webtiles) character file.

Game seed: 5566805837799708388

5085 qw the Skirmisher (level 10, -2/64 HPs)
             Began as a Gargoyle Hunter on Dec 11, 2023.
             Was an Elder of Okawaru.
             Slain by a wyvern (14 damage)
             ... on level 9 of the Dungeon.
             The game lasted 00:03:32 (6737 turns).

qw the Skirmisher (Gargoyle Hunter)                 Turns: 6737, Time: 00:03:33

Health: -2/64      AC:  7    Str: 14    XL:     10   Next: 57%
Magic:  10/15      EV: 14    Int: 11    God:    Okawaru [****..]
Gold:   610        SH:  0    Dex: 23    Spells: 9/9 levels left

rFire   . . .        f - +0 orcbow (flame)
rCold   . . .        (shield currently unavailable)
rNeg    + . .        o - +0 acid dragon scales
rPois   inf          (no helmet)
rElec   +            (no cloak)
rCorr   +            e - +0 pair of gloves
SInv    +            (no boots)
Will    .....        l - amulet of regeneration
Stlth   ++           j - ring of see invisible
HPRegen 1.10/turn    m - +6 ring of dexterity
MPRegen 0.14/turn

%: no passive effects
@: finesse-ful, marked, corroded
A: sickness immunity, AC +7, negative energy resistance 1, electricity
resistance, torment resistance 1, petrification resistance
a: Renounce Religion, Heroism, Finesse


You were on level 9 of the Dungeon.
You worshipped Okawaru.
Okawaru was greatly pleased with you.
You visited 2 branches of the dungeon, and saw 10 of its levels.

You collected 610 gold pieces.


Innate Abilities, Weirdness & Mutations

You are immune to sickness and miasma.
Your stone body is resilient. (AC +7)
You are immune to poison.
You resist negative energy. (rN+)
You are resistant to electric shocks. (rElec)
You are resistant to unholy torment.
You are immune to petrification.


   Skills:
 - Level 8.0 Fighting
 + Level 11.4 Ranged Weapons
 - Level 3.1 Armour
 - Level 4.0 Dodging
 - Level 1.1 Stealth
 + Level 6.8 Invocations


You had 9 spell levels left.
You didn't know any spells.
Your spell library was empty.

Inventory:

Hand Weapons
 f - a +0 orcbow of flaming (weapon)
Armour
 d - a +0 pair of boots
 e - a +0 pair of gloves (worn)
 o - +0 acid dragon scales (worn)
Jewellery
 i - a ring of ice
 j - a ring of see invisible (left hand)
 l - an amulet of regeneration (around neck)
 m - a +6 ring of dexterity (right hand)
Wands
 p - a wand of mindburst (4)
Scrolls
 a - 2 scrolls of identify
Potions
 b - 2 potions of curing
 c - a potion of resistance
 h - 2 potions of haste
 k - 3 potions of mutation
 n - 2 potions of might

Dungeon Overview and Level Annotations

Branches:
Dungeon (9/15)             Temple (1/1) D:4             Orc (0/2) D:9
   Lair: D:8-11

Altars:
Ashenzari
Cheibriados
Dithmenos
Elyvilon
Fedhas
Gozag
Hepliaklqana
Kikubaaqudgha
Makhleb
Nemelex Xobeh
Okawaru
Qazlal
Ru
Sif Muna
Trog
Uskayaw
Xom
Yredelemnul
Zin
The Shining One


Message History

The wyvern closely misses you. The wyvern misses you.
You shoot an arrow. The arrow barely misses the wyvern.
The wyvern closely misses you.
The kobold demonologist gestures wildly while chanting.
You shoot an arrow. The arrow closely misses the wyvern.
The arrow barely misses the orange demon.
The wyvern bites you but does no damage. x2
The orange demon stings you from afar.
You shoot an arrow.
The arrow hits the wyvern but does no damage.
The wyvern is moderately wounded.
The rust devil hits you.
The wyvern bites you but does no damage.
The orange demon misses you.
You shoot an arrow.
The arrow hits the wyvern but does no damage.
The wyvern is moderately wounded.
The wyvern bites you! The rust devil hits you. The wyvern barely misses you.
The orange demon stings you from afar.
6734 ||| DRINKING potion of heal wounds.
You feel much better. The rust devil hits you. The rust devil corrodes you!
The wyvern bites you.
The kobold demonologist gestures wildly while chanting.
The orange demon stings you but does no damage.
6735 ||| INVOKING Finesse.
You can now deal lightning-fast blows.
You can no longer enter into single combat with a foe.
Okawaru will no longer gift you throwing weapons.
The wyvern bites you! The rust devil hits you. The rust devil corrodes you!
The shadow imp hits you but does no damage.
The wyvern bites you. The orange demon stings you from afar!
You shoot an arrow.
The arrow hits the wyvern but does no damage.
The wyvern is lightly wounded.
The rust devil hits you. The rust devil corrodes you!
You shoot an arrow.
The arrow hits the wyvern but does no damage.
The wyvern is lightly wounded.
The wyvern bites you!
You die...

##.....##.......
#......##.......
#..####..#.......
... ##.#.......
.#.## #.........
.....#.........
.........4#####.
........#k#
........#@#
.......K45.......
......5..5....$..
.........#.##...#
.........#.# #.#
........ .# .
.....## .# ###..
.#


You could see an orange demon (summoned), a rust devil (summoned), a kobold
demonologist, a wyvern, a white imp (summoned) and 2 shadow imps.

Vanquished Creatures
  Jeremiah (D:8)
  An unseen horror (D:8)
  2 hornets (D:9)
  A wyvern (D:9)
  6 yaks
  A steam dragon (D:8)
  An acid dragon (D:8)
  2 water moccasins
  A sky beast (D:6)
  3 orc warriors
  2 ice beasts
  An ogre (D:5)
  3 centaurs
  A phantom (D:5)
  A kobold brigand (D:8)
  4 bullfrogs
  A gnoll sergeant (D:8)
  2 scorpions (D:5)
  4 wights (D:8)
  2 howler monkeys
  3 jellies
  3 hounds
  4 orc priests
  2 iguanas
  9 orc wizards
  3 sleepcaps
  17 gnolls
  7 adders
  A shadow imp (D:6)
  2 white imps
  4 ufetubi (D:6)
  3 worms
  4 dart slugs
  32 orcs
  10 ball pythons
  4 endoplasms
  5 giant cockroaches
  8 goblins
  7 hobgoblins
  2 jackals (D:1)
  4 quokkas
  3 bats
  3 frilled lizards (D:1)
  7 kobolds
  A rat (D:1)
  A spectral kobold (D:1)
189 creatures vanquished.

Notes
Turn   | Place    | Note
-------+----------+-------------------------------------------
     0 | D:1      | qw the Gargoyle Hunter began the quest for the Orb.
     0 | D:1      | Reached XP level 1. HP: 12/12 MP: 1/1
     0 | D:1      | 0 ||| qw: Version: 0.3-a-106-g2cfff9e
     0 | D:1      | 0 ||| qw: Game counter: 1960
     0 | D:1      | 0 ||| qw: Melee chars always use a shield: true
     0 | D:1      | 0 ||| qw: God list: Okawaru
     0 | D:1      | 0 ||| qw: Allow faded altars: false
     0 | D:1      | 0 ||| qw: Do Orc after clearing Dungeon:15 true
     0 | D:1      | 0 ||| qw: Do second Lair branch before Depths: true
     0 | D:1      | 0 ||| qw: Lair rune preference: random
     0 | D:1      | 0 ||| qw: Goals: Normal, Save, Zot:1-4, Win
     0 | D:1      | 0 ||| PLANNING D:1-11
    87 | D:1      | Found a faded altar of an unknown god.
   124 | D:1      | Reached XP level 2. HP: 11/17 MP: 2/2
   249 | D:1      | Reached XP level 3. HP: 21/21 MP: 3/3
   261 | D:1      | Reached skill level 5 in Ranged Weapons
   537 | D:1      | 537 ||| UPGRADING to +0 pair of gloves.
   542 | D:1      | 542 ||| UPGRADING to +0 ring mail.
   552 | D:1      | 552 ||| DROPPING +0 leather armour.
   553 | D:1      | 553 ||| UPGRADING to amulet of regeneration.
   558 | D:1      | 558 ||| UPGRADING to ring of see invisible.
   559 | D:1      | 559 ||| READING 2 scrolls labelled LECWAU VAUCY.
   559 | D:1      | 559 ||| IDENTIFYING glowing red potion
   560 | D:1      | 560 ||| READING scroll of identify.
   560 | D:1      | 560 ||| IDENTIFYING fizzy black potion
   561 | D:1      | 561 ||| READING scroll labelled MICZARHOQYE.
   562 | D:1      | 562 ||| READING scroll labelled JEEHOUFIRE.
   566 | D:1      | 566 ||| READING scroll labelled KUAJUILEEGE.
   567 | D:1      | 567 ||| DROPPING scroll of butterflies.
   604 | D:2      | 604 ||| RETREEAATING.
   608 | D:2      | Reached skill level 1 in Armour
   623 | D:2      | Reached skill level 3 in Fighting
   623 | D:2      | Reached XP level 4. HP: 20/28 MP: 4/4
   852 | D:2      | Reached XP level 5. HP: 32/32 MP: 5/5
   936 | D:2      | 936 ||| DRINKING 2 blue potions.
   962 | D:2      | Reached skill level 6 in Ranged Weapons
  1288 | D:2      | 1288 ||| READING scroll of identify.
  1288 | D:2      | 1288 ||| IDENTIFYING sapphire potion
  1990 | D:3      | 1990 ||| DROPPING amulet of magic regeneration.
  1991 | D:3      | 1991 ||| UPGRADING to +6 ring of dexterity.
  1992 | D:3      | 1992 ||| READING 7 scrolls of identify.
  1992 | D:3      | 1992 ||| IDENTIFYING brown potion
  1993 | D:3      | 1993 ||| READING 6 scrolls of identify.
  1993 | D:3      | 1993 ||| IDENTIFYING scroll labelled BAMIYD DISE
  1994 | D:3      | 1994 ||| READING 5 scrolls of identify.
  1994 | D:3      | 1994 ||| IDENTIFYING scroll labelled FIUBBU FE TOTYN
  1995 | D:3      | 1995 ||| DROPPING scroll of vulnerability.
  1996 | D:3      | 1996 ||| DROPPING scroll of revelation.
  2034 | D:4      | Reached XP level 6. HP: 38/38 MP: 6/6
  2093 | D:4      | Found a staircase to the Ecumenical Temple.
  2094 | D:4      | 2094 ||| PLANNING TEMPLE
  2102 | Temple   | Entered the Ecumenical Temple
  2103 | Temple   | 2103 ||| PLANNING OKAWARU WORSHIP
  2135 | Temple   | Became a worshipper of Warmaster Okawaru
  2136 | Temple   | 2136 ||| PLANNING D:1-11
  2595 | D:4      | 2595 ||| READING 4 scrolls of identify.
  2595 | D:4      | 2595 ||| IDENTIFYING emerald potion
  2596 | D:4      | 2596 ||| READING 3 scrolls of identify.
  2596 | D:4      | 2596 ||| IDENTIFYING scroll labelled TYCHAI OVUZI
  2597 | D:4      | 2597 ||| DROPPING scroll of amnesia.
  2598 | D:4      | 2598 ||| DROPPING potion of attraction.
  2627 | D:5      | Entered Level 5 of the Dungeon
  2640 | D:5      | Reached skill level 7 in Ranged Weapons
  2679 | D:5      | Reached * piety under Okawaru
  2680 | D:5      | Reached XP level 7. HP: 24/43 MP: 7/7
  2819 | D:5      | Reached skill level 1 in Invocations
  2882 | D:5      | 2882 ||| READING 2 scrolls of identify.
  2882 | D:5      | 2882 ||| IDENTIFYING scroll labelled GAWIESK BYWIE
  3042 | D:5      | Found a glowing silver altar of Zin.
  3042 | D:5      | Found a shimmering altar of Xom.
  3048 | D:5      | Found a basalt altar of Yredelemnul.
  3050 | D:5      | Found a sacrificial altar of Ru.
  3052 | D:5      | Found a stormy altar of Qazlal.
  3204 | D:5      | Reached skill level 3 in Invocations
  3468 | D:5      | HP: 9/43 [centaur/arrow (6)]
  3469 | D:5      | 3469 ||| DRINKING potion of heal wounds.
  3474 | D:5      | HP: 10/43 [centaur/arrow (8)]
  3475 | D:5      | Reached skill level 8 in Ranged Weapons
  3475 | D:5      | Reached XP level 8. HP: 11/48 MP: 10/10
  3697 | D:5      | 3697 ||| READING scroll of identify.
  3697 | D:5      | 3697 ||| IDENTIFYING bubbling black potion
  3698 | D:5      | 3698 ||| DROPPING scroll of noise.
  3699 | D:5      | 3699 ||| DROPPING potion of invisibility.
  3794 | D:6      | 3794 ||| FLEEEEING.
  3805 | D:6      | 3805 ||| FLEEEEING.
  3806 | D:6      | 3806 ||| FLEEEEING.
  3807 | D:6      | 3807 ||| FLEEEEING.
  3808 | D:6      | 3808 ||| FLEEEEING.
  3810 | D:6      | 3810 ||| FLEEEEING.
  3811 | D:6      | 3811 ||| STAIRDANCE
  3826 | D:6      | 3826 ||| STAIRDANCE
  3975 | D:6      | Reached ** piety under Okawaru
  4065 | D:6      | Found a sparkling altar of Nemelex Xobeh.
  4066 | D:6      | Found a burning altar of Makhleb.
  4138 | D:6      | 4138 ||| Stepping ~*~*~tactically~*~*~ (retreating).
  4139 | D:6      | 4139 ||| Stepping ~*~*~tactically~*~*~ (retreating).
  4141 | D:6      | 4141 ||| Stepping ~*~*~tactically~*~*~ (retreating).
  4145 | D:6      | Reached skill level 9 in Ranged Weapons
  4265 | D:6      | 4265 ||| DROPPING scarf of shadows.
  4266 | D:6      | 4266 ||| READING 3 scrolls of identify.
  4266 | D:6      | 4266 ||| IDENTIFYING fuming ruby potion
  4267 | D:6      | 4267 ||| READING 2 scrolls of identify.
  4267 | D:6      | 4267 ||| IDENTIFYING bubbling silvery potion
  4268 | D:6      | 4268 ||| DROPPING potion of berserk rage.
  4376 | D:7      | Reached skill level 6 in Fighting
  4385 | D:7      | 4385 ||| SWAPPING to +0 orcbow.
  4386 | D:7      | 4386 ||| DROPPING +0 shortbow.
  4428 | D:7      | Reached XP level 9. HP: 55/55 MP: 12/12
  4583 | D:7      | Reached skill level 3 in Dodging
  4890 | D:7      | Reached *** piety under Okawaru
  5281 | D:7      | 5281 ||| READING 2 scrolls of identify.
  5281 | D:7      | 5281 ||| IDENTIFYING 2 scrolls labelled YFOXUL KAPA
  5282 | D:7      | 5282 ||| DROPPING 2 scrolls of immolation.
  5383 | D:8      | Reached skill level 10 in Ranged Weapons
  5445 | D:8      | 5445 ||| Stepping ~*~*~tactically~*~*~ (cloud).
  5450 | D:8      | Noticed Jeremiah
  5456 | D:8      | HP: 14/56 [steam dragon (3)]
  5457 | D:8      | 5457 ||| READING scroll of teleportation.
  5459 | D:8      | Noticed an unseen horror
  5460 | D:8      | 5460 ||| RETREEAATING.
  5461 | D:8      | 5461 ||| STILL RETREEAATING.
  5462 | D:8      | 5462 ||| Stepping ~*~*~tactically~*~*~ (retreating).
  5463 | D:8      | 5463 ||| STILL RETREEAATING.
  5469 | D:8      | HP: 6/57 [ice beast (13)]
  5473 | D:8      | Killed an unseen horror
  5480 | D:8      | HP: 4/57 [ice beast (11)]
  5664 | D:8      | Killed Jeremiah
  5664 | D:8      | Reached **** piety under Okawaru
  5665 | D:8      | Reached skill level 11 in Ranged Weapons
  5797 | D:8      | Reached skill level 3 in Armour
  5797 | D:8      | Reached XP level 10. HP: 63/63 MP: 13/13
  5885 | D:8      | 5885 ||| RETREEAATING.
  5886 | D:8      | 5886 ||| STILL RETREEAATING.
  5887 | D:8      | 5887 ||| STILL RETREEAATING.
  5889 | D:8      | 5889 ||| STILL RETREEAATING.
  5891 | D:8      | 5891 ||| RETREEAATING.
  5892 | D:8      | 5892 ||| STILL RETREEAATING.
  5894 | D:8      | 5894 ||| Stepping ~*~*~tactically~*~*~ (retreating).
  6368 | D:8      | 6368 ||| UPGRADING to +0 acid dragon scales.
  6378 | D:8      | 6378 ||| DROPPING +0 ring mail.
  6379 | D:8      | 6379 ||| READING scroll of identify.
  6379 | D:8      | 6379 ||| IDENTIFYING scroll labelled PUGASE CEFURCH
  6380 | D:8      | 6380 ||| READING scroll of brand weapon.
  6380 | D:8      | 6380 ||| BRANDING +0 orcbow.
  6502 | D:9      | 6502 ||| DRINKING 3 potions of curing.
  6502 | D:9      | 6502 ||| (to cure confusion)
  6528 | D:9      | Found a staircase to the Orcish Mines.
  6530 | D:9      | 6530 ||| Stepping ~*~*~tactically~*~*~ (retreating).
  6533 | D:9      | 6533 ||| RETREEAATING.
  6571 | D:9      | 6571 ||| FLEEEEING.
  6572 | D:9      | 6572 ||| FLEEEEING.
  6573 | D:9      | 6573 ||| STAIRDANCE
  6579 | D:9      | 6579 ||| STAIRDANCE
  6587 | D:9      | 6587 ||| STAIRDANCE
  6614 | D:9      | 6614 ||| STAIRDANCE
  6621 | D:9      | 6621 ||| STAIRDANCE
  6630 | D:8      | Reached skill level 6 in Invocations
  6644 | D:9      | 6644 ||| STAIRDANCE
  6703 | D:9      | 6703 ||| RETREEAATING.
  6705 | D:9      | 6705 ||| STILL RETREEAATING.
  6706 | D:9      | 6706 ||| STILL RETREEAATING.
  6707 | D:9      | 6707 ||| STILL RETREEAATING.
  6719 | D:9      | Reached ***** piety under Okawaru
  6726 | D:9      | HP: 10/64 [wyvern (8)]
  6727 | D:9      | 6727 ||| DRINKING 2 potions of heal wounds.
  6727 | D:9      | Noticed a kobold demonologist
  6731 | D:9      | Noticed an orange demon
  6731 | D:9      | Noticed a rust devil
  6733 | D:9      | HP: 16/64 [wyvern (13)]
  6734 | D:9      | 6734 ||| DRINKING potion of heal wounds.
  6735 | D:9      | 6735 ||| INVOKING Finesse.
  6737 | D:9      | Slain by a wyvern

Levels and vault maps discovered:
D:1:      wander_arrival_fairy_ring, layout_rooms,
          dreamdust_ecumenical_altar_drowned_temple
D:2:      layout_loops_cross, kennysheep_generic_room_3
D:3:      layout_loops_ring
D:4:      layout_rooms, temple_fountains, kennysheep_generic_room_4
D:5:      layout_loops_corners, chequers_temple_overflow_minitemple,
          chequers_decorated_corner, minmay_manual_mares
D:6:      layout_rooms, gammafunk_temple_overflow_statue
D:7:      statuecave_lemuel, layout_basic, grunt_ministairs_8
D:8:      layout_basic, kennysheep_dice, uniq_jeremiah
D:9:      layout_rooms, lemuel_doored_altar, minmay_orc_entry_temple_small
Temple:   nicolae_temple_figure_eight

Skill      XL: |  1  2  3  4  5  6  7  8  9 10 |
---------------+-------------------------------+-----
Ranged Weapons | 5 6 7 8 9 11 | 11.4
Armour         | 1 2 3 |  3.1
Fighting       | 3 4 6 7 8 |  8.0
Dodging        | 2 3 4 |  4.0
Invocations    | 3 4 6 |  6.8
Stealth        | |  1.1

Action                     |  1- 3 |  4- 6 |  7- 9 | 10-12 || total
---------------------------+-------+-------+-------+-------++-------
   Fire: Shortbow          |    85 |   241 |   267 |       ||   593
         Orcbow            |       |       |   151 |   123 ||   274
 Invoke: Finesse           |       |       |       |     1 ||     1
    Use: Scroll            |     5 |     6 |     6 |     2 ||    19
         Potion            |       |     1 |     1 |     3 ||     5
 Armour: Leather armour    |    26 |       |       |       ||    26
         Ring mail         |    14 |   133 |   211 |     8 ||   366
         Acid dragon scale |       |       |       |    64 ||    64
  Dodge: Dodged            |    36 |    92 |   153 |    65 ||   346

Table legend:
 A = Non-vault XP
 B = Vault XP
 C = Vault XP percentage of total XP
 D = Non-vault monster count
 E = Vault monster count
 F = Vault count percentage of total count
                 A         B        C        D         E       F
            +---------+---------+-------+---------+---------+-------
      Total |    5718 |    1547 |  21.3 |     172 |      17 |   9.0
            +---------+---------+-------+---------+---------+-------
        D:1 |      48 |       1 |   2.0 |      20 |       1 |   4.8
        D:2 |     222 |       0 |   0.0 |      29 |       0 |   0.0
        D:3 |      27 |       0 |   0.0 |       9 |       0 |   0.0
        D:4 |     207 |       5 |   2.4 |      26 |       2 |   7.1
        D:5 |     684 |     230 |  25.2 |      22 |       2 |   8.3
        D:6 |     696 |       0 |   0.0 |      19 |       0 |   0.0
        D:7 |     667 |     214 |  24.3 |      18 |       6 |  25.0
        D:8 |    1837 |     932 |  33.7 |      18 |       4 |  18.2
        D:9 |    1330 |     165 |  11.0 |      11 |       2 |  15.4
            +---------+---------+-------+---------+---------+-------
